 Dungeon Crawl Stone Soup version 0.24.0-29-g8ce449bc06 (webtiles) character file.

Game seed: 3333748821811892285, levelgen mode: deterministic

46 Descartes the Scratcher (level 3, -2/15 HPs)
             Began as a Felid Transmuter on Nov 15, 2019.
             Slain by a quokka (4 damage)
             ... on level 2 of the Dungeon.
             The game lasted 00:02:24 (2029 turns).

Descartes the Scratcher (Felid Transmuter)          Turns: 2029, Time: 00:02:25

Health: -2/15      AC:  1    Str:  7    XL:     3   Next: 46%
Magic:  7/7        EV: 18    Int: 14    God:
Gold:   41         SH:  0    Dex: 16    Spells: 5/6 levels left
                                        Lives:  0   Deaths: 0

rFire    . . .     SeeInvis +     - Unarmed
rCold    . . .     Gourm    .   (shield unavailable)
rNeg     . . .     Faith    .   (armour unavailable)
rPois    .         Spirit   .   (helmet unavailable)
rElec    .         Reflect  .   (cloak unavailable)
rCorr    .         Harm     .   (gloves unavailable)
MR       .....                  (boots unavailable)
Stlth    +++.......             (no amulet)
HPRegen  0.05/turn              (no ring)
MPRegen  0.10/turn              (no ring)

@: quick
A: very small, no armour, no weapons or thrown items, stealth, claws 1, fangs 3,
see invisible, carnivore, speed 1, shaggy fur 1, slow metabolism 1, sharp paws
a: no special abilities


You were on level 2 of the Dungeon.
You were very full.

You visited 1 branch of the dungeon, and saw 2 of its levels.

You collected 41 gold pieces.

Inventory:

Missiles
 a - 24 arrows
 b - 74 stones
Jewellery
 h - a cursed -2 ring of intelligence {unknown}
 k - an uncursed amulet of regeneration {unknown}
Scrolls
 e - 2 scrolls of noise {unknown}
 f - 2 scrolls of teleportation {unknown}
 g - a scroll of remove curse {unknown}
 i - a scroll of immolation {unknown}
Potions
 d - a potion of flight {unknown}
 j - a potion of invisibility {unknown}
Comestibles
 c - 4 rations
 l - 2 chunks of flesh


   Skills:
 - Level 1.0 Fighting
 + Level 3.0 Dodging
 + Level 2.8 Stealth
 * Level 3.8 Unarmed Combat
 - Level 2.0 Spellcasting
 - Level 2.1 Transmutations


You had 5 spell levels left.
You knew the following spells:

 Your Spells              Type           Power        Failure   Level  Hunger
a - Beastly Appendage     Tmut           #.....       10%         1    ##.....

Your spell library contained the following spells:

 Spells                   Type           Power        Failure   Level  Hunger
 Sticks to Snakes         Tmut           #.......     14%         2    ###....
 Spider Form              Tmut/Pois      #.........   41%         3    ####...
 Ice Form                 Ice/Tmut       #.......     83%         4    #####..
 Blade Hands              Tmut           #.........   95%         5    ######.


Dungeon Overview and Level Annotations

Branches:
Dungeon (2/15)

Altars:


Innate Abilities, Weirdness & Mutations

You cannot wear armour.
You are incapable of wielding weapons or throwing items.
Your paws allow you to move quietly. (Stealth)
You have sharp claws.
You have razor-sharp teeth.
You have supernaturally acute eyesight. (SInv)
You are carnivorous and can eat meat at any time.
You cover ground quickly.
You are covered in fur. (AC +1)
You have a slow metabolism.
Your sharp claws are effective at attacking unaware monsters.


Message History

There is an open door here.
You scratch the quokka but do no damage.
The quokka misses you.
You scratch the quokka.
The quokka is almost dead.
The quokka misses you.
You closely miss the quokka.
The quokka is almost dead.
The quokka completely misses you.
You closely miss the quokka.
The quokka is almost dead.
The quokka bites you.
* * * LOW HITPOINT WARNING * * *
You barely miss the quokka.
The quokka is almost dead.
The quokka misses you.
You barely miss the quokka.
The quokka is almost dead.
The quokka bites you.
You die...

#.# #.......# #.#
######### #.# #.#
#.# ######### #.#
#........ ##.#####
#........
#......####........
#.>....'@r'†.......
#......####........
#......#.†..##.....
##.#####...†# ..##
#.# #....# # #.#
#....# #. #!...#
...... ##....#


You could see a quokka.

Vanquished Creatures
  An adder (D:2)
  2 dart slugs (D:1)
  A leopard gecko (D:2)
  2 giant cockroaches (D:1)
  3 hobgoblins
  2 jackals (D:2)
  6 bats
  A frilled lizard (D:1)
  4 goblins
  4 kobolds
  6 rats (D:1)
32 creatures vanquished.

Notes
Turn   | Place    | Note
-------+----------+-------------------------------------------
     0 | D:1      | Descartes the Felid Transmuter began the quest for the Orb.
     0 | D:1      | Reached XP level 1. HP: 9/9 MP: 4/4
   246 | D:1      | Reached skill level 1 in Stealth
   355 | D:1      | Reached XP level 2. HP: 9/12 MP: 6/6
  1929 | D:2      | Reached XP level 3. HP: 15/15 MP: 7/7
  2029 | D:2      | Slain by a quokka

Levels and vault maps discovered:
D:1:      giann_wishing_wells, layout_basic, hangedman_feature_mirror,
          chequers_serial_rivers_micro_b
D:2:      layout_basic, good_gods_mini_temple, first_ration, uniq_terence

Skill      XL: |  1  2  3 |
---------------+----------+-----
Stealth        | 1 2 |  2.8
Dodging        | 3 |  3.0
Fighting       | |  1.0
Unarmed Combat | |  3.8
Spellcasting   | |  2.0
Transmutations | |  2.1

Action                   || total
-------------------------++-------
Melee: Unarmed           ||   110
       Bite              ||     6
       Punch             ||     2
 Stab: Sleeping          ||     4
  Eat: Chunk             ||     9
Armor: Skin              ||    14
Dodge: Dodged            ||   109
